 Dungeon Crawl Stone Soup version 0.32-a0-660-g97ce250973 (webtiles) character file.

Game seed: 483179657938891244

104517 nojaa the Bewitcher (level 16, -1/100 HPs)
             Began as a Kobold Enchanter on Mar 9, 2024.
             Was a High Priest of Beogh.
             Slain by a +0 short sword of flaming (7 damage)
             ... animated by Zenata
             ... on level 1 of the Elven Halls.
             The game lasted 03:19:25 (37976 turns).

nojaa the Bewitcher (Kobold Enchanter)             Turns: 37976, Time: 03:19:25

Health: -1/100     AC: 15    Str:  9    XL:     16   Next: 92%
Magic:  3/28       EV: 21    Int: 20    God:    Beogh [*****.]
Gold:   1376       SH:  0    Dex: 19    Spells: 1/31 levels left

rFire   + . .        q - +6 dagger of Lotoxz Loet {freeze, rN+}
rCold   + . .        (no shield)
rNeg    + . .        B - +2 steam dragon scales
rPois   +            a - +2 helmet
rElec   .            z - scarf {rC+ rF+}
rCorr   .            k - +2 pair of gloves {Str+3}
SInv    +            M - +2 pair of boots
Will    +....        n - amulet of regeneration
Stlth   ++++++       w - ring of poison resistance
HPRegen 1.16/turn    X - ring of see invisible
MPRegen 0.21/turn

%: no passive effects
@: lethally poisoned (-1 -> -3), about to teleport, hasted, very quick
A: walk on water, small, no large weapons, nightstalker 3, iridescent scales 1,
deformed body
a: Renounce Religion, Smiting, Recall Apostles, Blood for Blood, Dismiss Oruk,
warrior, Dismiss Bogbrand, priest


You were on level 1 of the Elven Halls.
You worshipped Beogh.
Beogh was extremely pleased with you.
You visited 7 branches of the dungeon, and saw 27 of its levels.
You visited 1 bazaar.
You also visited: Bailey.

You collected 2310 gold pieces.
You spent 934 gold pieces at shops.

Inventory:

Hand Weapons
 l - the +1 rapier of Conflict {antimagic, rN+ Str+3}
   (You found it on level 2 of the Shoals)

   Str+3:     It affects your strength (+3).
   rN+:       It protects you from negative energy.
 q - the +6 dagger of Lotoxz Loet (weapon) {freeze, rN+}
   (You found it on level 4 of the Dungeon)

   rN+:       It protects you from negative energy.
 s - a +0 falchion of flaming
 y - a +1 falchion of protection
 L - a +2 dagger of distortion
 Q - a +5 rapier of protection
Missiles
 i - 34 poisoned darts (quivered)
 r - 2 throwing nets
 v - 13 curare-tipped darts
Armour
 a - a +2 helmet (worn)
 b - a +0 robe
 h - a +2 buckler
 k - a +2 pair of gloves of strength (worn)
 t - a +2 pair of boots
 z - a scarf of resistance (worn)
 B - +2 steam dragon scales (worn)
 M - a +2 pair of boots (worn)
 R - a scarf of invisibility
 S - a +0 cloak of poison resistance
Jewellery
 n - an amulet of regeneration (around neck)
 w - a ring of poison resistance (left hand)
 E - an amulet of reflection
 I - the amulet "Dyutoex" {Reflect rPois Str+2 SH+5}
   (You took it off a centaur on level 9 of the Dungeon)

   [amulet of reflection]

   Reflect:   It reflects blocked missile attacks.
   Str+2:     It affects your strength (+2).
   rPois:     It protects you from poison.
   SH+5:      It affects your SH (+5).
 J - a ring of flight
 O - a +4 ring of slaying
 X - a ring of see invisible (right hand)
Wands
 e - a wand of paralysis (2)
 o - a wand of digging (2)
 u - a wand of polymorph (8)
 x - a wand of flame (37)
 H - a wand of roots (27)
 U - a wand of mindburst (4)
Scrolls
 f - 5 scrolls of poison
 g - a scroll of fog
 p - 5 scrolls of teleportation
 A - a scroll of vulnerability
 D - a scroll of butterflies
 F - 9 scrolls of amnesia
 N - 3 scrolls of torment
 P - a scroll of noise
Potions
 c - 5 potions of haste
 d - 12 potions of curing
 j - 6 potions of mutation
 m - 3 potions of brilliance
 C - 3 potions of enlightenment
 K - a potion of invisibility
 T - a potion of ambrosia
 V - a potion of attraction
 W - 3 potions of resistance
 Y - 3 potions of heal wounds
Miscellaneous
 G - a box of beasts (inert)


   Skills:
 + Level 11.0 Fighting
 - Level 14.0 Short Blades
 - Level 10.0 Dodging
 - Level 10.0 Stealth
 - Level 8.0 Spellcasting
 - Level 5.0 Conjurations
 - Level 18.0 Hexes
 - Level 3.0 Ice Magic
 + Level 2.5 Earth Magic
 - Level 6.0 Alchemy
 - Level 9.0 Invocations
 - Level 5.0 Evocations


You had one spell level left.
You knew the following spells:

 Your Spells              Type           Power      Damage    Failure   Level
a - Ensorcelled Hibernat  Hex/Ice        100%       N/A       1%          2
b - Confusing Touch       Hex            68%        N/A       0%          3
c - Tukima's Dance        Hex            68%        N/A       0%          3
d - Dazzling Flash        Conj/Hex       100%       N/A       1%          3
e - Jinxbite              Hex            100%       N/A       0%          2
f - Yara's Violent Unrav  Hex/Alch       27%        3d12      1%          5
g - Enfeeble              Hex            34%        N/A       4%          7
h - Apportation           Tloc           16%        N/A       9%          1
i - Petrify               Alch/Erth      25%        N/A       14%         4

Your spell library contained the following spells:

 Spells                   Type           Power      Damage    Failure   Level
 Sting                    Conj/Alch      100%       1d9       1%          1
 Shock                    Conj/Air       72%        1d7       3%          1
 Necrotise                Necr           32%        1d5       9%          1
 Summon Small Mammal      Summ           32%        N/A       9%          1
 Stone Arrow              Conj/Erth      46%        3d9       5%          3
 Summon Mana Viper        Hex/Summ       44%        N/A       6%          5
 Scorch                   Fire           16%        2d5       13%         2
 Sublimation of Blood     Necr           8%         N/A       13%         2
 Irradiate                Conj/Alch      15%        3d16      24%         5
 Call Canine Familiar     Summ           8%         N/A       26%         3
 Swiftness                Air            8%         N/A       26%         3
 Flame Wave               Conj/Fire      18%        2d7       30%         4
 Animate Armour           Summ/Erth      26%        N/A       45%         4
 Airstrike                Air            4%         2d(1-17)  63%         4
 Animate Dead             Necr           8%         N/A       63%         4
 Summon Blazeheart Golem  Fire/Summ      8%         N/A       63%         4
 Vhi's Electric Charge    Tloc/Air       16%        N/A       63%         4
 Arcjolt                  Conj/Air       9%         1d19      63%         5
 Summon Forest            Summ/Tloc      4%         N/A       93%         5
 Plasma Beam              Fire/Air       4%         2x1d14    100%        6
 Summon Cactus Giant      Summ           4%         N/A       100%        6
 Haunt                    Necr/Summ      4%         N/A       100%        7
 Infestation              Necr           4%         N/A       100%        8
 Lehudib's Crystal Spear  Conj/Erth      11%        10d4      100%        8


Dungeon Overview and Level Annotations

Branches:
Dungeon (15/15)            Temple (1/1) D:6            Lair (5/5) D:11
 Shoals (2/4) Lair:3       Spider (0/4) Lair:2        Slime (1/5) Lair:4
    Orc (2/2) D:12            Elf (1/3) Orc:2        Vaults (0/5) D:13
 Depths (0/4) D:15         Bailey (visited)

Altars:
Ashenzari
Cheibriados
Dithmenos
Elyvilon
Fedhas
Gozag
Hepliaklqana
Kikubaaqudgha
Makhleb
Nemelex Xobeh
Okawaru
Qazlal
Ru
Sif Muna
Trog
Uskayaw
Vehumet
Wu Jian
Xom
Yredelemnul
Zin
The Shining One
Beogh
Jiyva

Shops:
Orc:2 :([

Portals:
Trove: D:10 (give 15 potions of curing)

Annotations:
D:8 exclusion: door, anet's ghost, novice MDFi
D:11 exclusion: 2 skeletal warriors
D:13 exclusion: 2 water elementals
D:15 Roxanne
Lair:2 1 exclusion
Lair:5 1 exclusion
Shoals:1 exclusion: kraken, Louise
Orc:1 exclusion: ettin
Elf:1 Zenata


Innate Abilities, Weirdness & Mutations

You can walk on water.
Your facial features are unmistakably orcish.
You are small and have problems with some larger weapons.
You are completely attuned to the shadows.
You are partially covered in iridescent scales. (AC +2)
Armour fits poorly on your strangely shaped body.


Message History

The +0 glaive of venom barely misses you.
The +0 short sword of flaming hits you.
Unknown command.
Unknown command.
The +0 short sword of flaming misses you.
The +0 glaive of venom hits you from afar!!
* * * LOW HITPOINT WARNING * * *
You are poisoned.
You hear a shout!
You feel very sick.
The +0 short sword of flaming hits you but does no damage.
Zenata casts a spell at you.
A blast of power from the earth and the +0 short sword of flaming strikes you!
* * * LOW HITPOINT WARNING * * *
The +0 short sword of flaming barely misses you.
You feel sick.
The +0 short sword of flaming attacks as it pursues you!
The +0 short sword of flaming barely misses you.
You see here the orc corpse of Bogbrand.
Okay, then.
Press: ? - help, v - describe, . - travel, g - get item Item here: the orc corpse of Bogbrand.
The floor, spattered with blood.
Unknown command.
As you read the scroll of teleportation, it crumbles to dust.
You feel strangely unstable.
You feel sick.
The +0 short sword of flaming hits you but does no damage.
The +0 glaive of venom misses you.
The +0 short sword of flaming closely misses you.
Unknown command.
You feel sick.
The +0 short sword of flaming attacks as it pursues you!
The +0 short sword of flaming hits you but does no damage.
The +0 short sword of flaming hits you.
* * * LOW HITPOINT WARNING * * *
The +0 glaive of venom misses you.
You feel sick.
The +0 short sword of flaming is no longer moving quickly.
The +0 short sword of flaming hits you!
You die...

### ########## #.##
#........# ..a##
#.######.# ....##
#.######.##
.....####.....##..########
................@(†..a...#
......o##......#.##(####.#
......###........###.###.#
.....## #........##......#
..[..# #####..>###.###..#
...#.# ##.## #.# #..#
.....# #.# #.###..# ....##
#o# #.##...# .....# ##'##
#.##..##


You could see 2 dancing weapons.

Vanquished Creatures
  An acid blob (Slime:1)
  An azure jelly (Slime:1)
  A quicksilver ooze (Slime:1)
  Erolcha (Orc:1)
  4 ogre magi (Orc:2)
  4 centaur warriors
  2 boulder beetles
  A sphinx zombie (D:15)
  A merfolk avatar (Shoals:1)
  4 two-headed ogres
  2 death yaks
  A vampire mage (D:15)
  A shock serpent (D:13)
  Nergalle (Lair:3)
  Amaemon (Lair:3)
  2 skysharks
  A glowing orange brain (D:8)
  A necromancer (D:15)
  A deep elf archer (Elf:1)
  An orc knight (D:15)
  6 ugly things
  2 deep elf pyromancers (Elf:1)
  An orc sorcerer (Orc:1)
  A faun (Shoals:1)
  2 deep elf zephyrmancers (Elf:1)
  A cyclops (D:9)
  5 manticores
  2 kobold blastminers (Orc:1)
  6 elephants
  The ghost of Skimidon the Skirmisher, a novice GrHu (D:6)
  An orange demon (Lair:3)
  2 black mambas
  Joseph (D:10)
  2 gargoyles
  2 torpor snails (Lair:2)
  11 cane toads
  Maggie (D:7)
  3 komodo dragons
  A cane toad (shapeshifter) (D:14)
  2 rime drakes (Lair:2)
  An efreet (D:15)
  4 trolls
  2 polar bears
  4 dream sheep
  14 blink frogs
  3 jumping spiders (Lair:2)
  A snapping turtle (Shoals:1)
  18 slime creatures
  2 water elementals
  A wraith (D:11)
  3 wyverns
  2 vampires
  A culicivora (Lair:2)
  A human (D:13)
  47 yaks
  A warg (Orc:2)
  3 basilisks
  3 vampire mosquitoes (D:12)
  2 neqoxecs (D:8)
  A steam dragon (D:6)
  A redback (Lair:2)
  An acid dragon (D:9)
  13 water moccasins
  Duvessa (D:7)
  3 black bears
  4 orc warriors
  A swamp drake (D:12)
  A sky beast (D:8)
  7 ogres (Orc:2)
  19 centaurs
  10 wolves
  A phantom (D:4)
  2 kobold brigands
  4 lemures (D:7)
  10 bullfrogs
  A gnoll sergeant (D:10)
  4 scorpions
  3 wights
  Dowan (D:7)
  8 killer bees
  5 howler monkeys
  6 electric eels
  A bombardier beetle (D:4)
  An orc priest (D:6)
  Crazy Yiuf (D:7)
  4 hounds
  7 jellies
  A sleepcap (D:8)
  6 iguanas
  17 orc wizards
  6 gnolls
  3 adders
  2 shadow imps
  2 white imps
  4 ufetubi (D:5)
  4 ribbon worms (D:2)
  5 dart slugs
  21 orcs
  6 ball pythons
  7 endoplasms
  3 giant cockroaches
  17 goblins
  14 hobgoblins
  11 jackals
  20 kobolds
  3 quokkas
  5 bats (D:1)
  3 frilled lizards
  5 rats
484 creatures vanquished.

Vanquished Creatures (collateral kills)
  Norris (Elf:1)
  Frances (Elf:1)
  A deep elf demonologist (Elf:1)
  2 vault guards (D:13)
  A hydra (Lair:5)
  6 centaur warriors
  2 boulder beetles
  A catoblepas (D:14)
  A dancing weapon (Elf:1)
  9 two-headed ogres (Orc:2)
  A tengu warrior (D:14)
  A death yak (Lair:1)
  Urug (Lair:1)
  A deep elf knight (Elf:1)
  Sonja (D:10)
  4 skeletal warriors (D:15)
  A skyshark (Elf:1)
  A deep elf archer (Elf:1)
  4 deep elf zephyrmancers (Elf:1)
  An orc knight (D:15)
  Pikel (D:7)
  A thermic dynamo (Elf:1)
  3 deep elf pyromancers (Elf:1)
  5 elephants (Lair:5)
  6 ugly things (D:15)
  A torpor snail (Lair:1)
  A cane toad (Lair:1)
  A gargoyle (D:12)
  A rime drake (Lair:1)
  3 yaktaurs (D:15)
  2 komodo dragons
  A troll (D:11)
  A blink frog (Lair:5)
  A blink frog (shapeshifter) (D:13)
  6 dream sheep
  3 slime creatures (D:14)
  A water elemental (Shoals:1)
  A basilisk (Lair:1)
  10 yaks
  A human (D:13)
  A vampire mosquito (D:13)
  2 water moccasins
  3 orc warriors
  A sky beast (shapeshifter) (D:15)
  19 ogres
  9 centaurs
  2 laughing skulls (D:13)
  6 wolves (Lair:5)
  A bullfrog (Lair:4)
  3 wights
  A killer bee (D:9)
  An electric eel (D:13)
  An orc priest (D:5)
  An orc wizard (D:5)
  A gnoll (D:10)
  4 orcs
147 creatures vanquished.

Vanquished Creatures (others)
  13 orc apostles
  A death drake (D:15)
  An orc knight (D:15)
  9 dancing weapons
  An ogre (Orc:2)
  A wight (D:6)
  2 orc priests
  An orc wizard (D:7)
  12 orcs
  A goblin (D:4)
  A hobgoblin (D:4)
  4 tentacles (Shoals:1)
47 creatures vanquished.

Grand Total: 678 creatures vanquished

Notes
Turn   | Place    | Note
-------+----------+-------------------------------------------
     0 | D:1      | nojaa the Kobold Enchanter began the quest for the Orb.
     0 | D:1      | Reached XP level 1. HP: 10/10 MP: 3/3
   318 | D:1      | Reached skill level 1 in Fighting
   318 | D:1      | Reached XP level 2. HP: 16/16 MP: 5/5
   346 | D:1      | Learned a level 2 spell: Ensorcelled Hibernation
   733 | D:1      | Reached XP level 3. HP: 19/20 MP: 6/6
   737 | D:1      | Learned a level 3 spell: Confusing Touch
  1277 | D:1      | Reached skill level 1 in Ice Magic
  2373 | D:2      | Reached XP level 4. HP: 25/25 MP: 2/7
  2427 | D:2      | You fall into a shaft and drop 1 floor!
  2954 | D:2      | Found a faded altar of an unknown god.
  3294 | D:3      | Reached skill level 4 in Hexes
  3295 | D:3      | Noticed a scorpion
  4071 | D:4      | Reached XP level 5. HP: 25/29 MP: 5/8
  4740 | D:4      | Reached skill level 5 in Hexes
  4740 | D:4      | Reached XP level 6. HP: 34/34 MP: 2/9
  4819 | D:4      | Learned a level 3 spell: Tukima's Dance
  4986 | D:4      | Found a shimmering altar of Xom.
  5204 | D:5      | Entered Level 5 of the Dungeon
  5301 | D:5      | Reached skill level 6 in Hexes
  5301 | D:5      | Reached XP level 7. HP: 36/38 MP: 5/11
  5329 | D:5      | Learned a level 3 spell: Dazzling Flash
  5674 | D:6      | Noticed a steam dragon
  5675 | D:6      | Became a worshipper of Beogh the Shepherd
  6048 | D:3      | Reached skill level 1 in Conjurations
  6337 | D:4      | Identified the +6 dagger of Lotoxz Loet {freeze, rN+}
  6398 | D:4      | Reached * piety under Beogh
  6625 | D:5      | Noticed a water moccasin
  6654 | D:5      | Reached skill level 5 in Short Blades
  6654 | D:5      | Reached XP level 8. HP: 42/43 MP: 9/12
  7279 | D:6      | Reached XP level 9. HP: 47/47 MP: 10/13
  7340 | D:6      | Learned a level 2 spell: Jinxbite
  7410 | D:6      | Found a staircase to the Ecumenical Temple.
  7640 | D:6      | Found a runed translucent door.
  7963 | Temple   | Entered the Ecumenical Temple
  8048 | D:7      | Reached skill level 5 in Conjurations
  8054 | D:7      | Reached skill level 10 in Short Blades
  8140 | D:7      | Found a flagged portal.
  8152 | Bailey   | Entered a bailey
  8193 | Bailey   | Reached ** piety under Beogh
  8194 | Bailey   | Reached skill level 1 in Evocations
  8651 | D:7      | Noticed a troll
  8938 | D:7      | Reached skill level 1 in Invocations
  8962 | D:7      | Reached skill level 5 in Fighting
  8962 | D:7      | Reached XP level 10. HP: 59/59 MP: 4/14
  9123 | D:7      | Noticed Maggie
  9129 | D:7      | Killed Maggie
  9864 | D:7      | Noticed Dowan
 10143 | D:7      | Found a runed translucent door.
 10146 | D:7      | Noticed Crazy Yiuf
 10595 | D:8      | Found an opulent altar of Gozag.
 10600 | D:8      | Found a runed translucent gate.
 10601 | D:8      | Found a runed translucent gate.
 10601 | D:8      | Noticed a glowing orange brain
 10601 | D:8      | Noticed a brown ugly thing
 10630 | D:8      | Found a shimmering blue altar of Sif Muna.
 10652 | D:8      | Reached skill level 5 in Evocations
 11156 | D:8      | Found a runed translucent gate.
 11469 | D:8      | Noticed a white ugly thing
 11691 | D:8      | Noticed a two-headed ogre
 11797 | D:9      | Reached skill level 10 in Fighting
 11834 | D:9      | Reached XP level 11. HP: 68/72 MP: 4/15
 12055 | D:9      | Noticed a manticore
 12064 | D:9      | Killed a manticore
 12066 | D:9      | Noticed a cyclops
 12310 | D:9      | Killed a cyclops
 12311 | D:9      | Reached skill level 7 in Hexes
 12604 | D:9      | Reached *** piety under Beogh
 12633 | D:9      | Noticed Oruk
 12655 | D:9      | Anointed Oruk the warrior as your apostle
 12788 | D:9      | Identified the amulet "Dyutoex" {Reflect rPois Str+2 SH+5}
 12809 | D:9      | Reached skill level 5 in Dodging
 12823 | D:9      | Reached skill level 8 in Hexes
 13232 | D:10     | Entered Level 10 of the Dungeon
 13419 | D:10     | Found a portal to a secret trove of treasure.
 14079 | D:10     | Reached skill level 9 in Hexes
 14110 | D:10     | Noticed Sonja
 14112 | D:10     | Killed Sonja
 14244 | D:10     | Noticed Joseph
 14248 | D:10     | Killed Joseph
 14657 | D:11     | Reached XP level 12. HP: 68/77 MP: 16/16
 14745 | D:11     | Found a staircase to the Lair.
 14835 | D:11     | Reached skill level 10 in Hexes
 14863 | D:11     | Identified the +3 dagger of Destiny {flame, Str+3 Dex+7}
 14863 | D:11     | Identified the +1 robe of the Evil One {rElec rPois rF++
                  | Archmagi}
 14863 | D:11     | Noticed Norbak
 14876 | D:11     | Anointed Norbak the wizard as your apostle
 14989 | D:11     | Your ally Norbak died
 14997 | D:11     | Your ally Oruk died
 15036 | D:11     | Identified the +6 whip "Killer Klown's Regret" {heavy,
                  | SInv}
 15062 | D:11     | Noticed a boulder beetle
 15470 | D:11     | Noticed a skeletal warrior
 15519 | D:11     | Noticed a skeletal warrior
 15633 | D:11     | Killed a boulder beetle
 16441 | D:12     | Reached skill level 11 in Hexes
 16599 | D:12     | Reached **** piety under Beogh
 16808 | D:12     | Found a staircase to the Orcish Mines.
 16951 | D:12     | Found a shimmering blue altar of Sif Muna.
 17195 | Orc:1    | Entered Level 1 of the Orcish Mines
 17332 | Orc:2    | Entered Level 2 of the Orcish Mines
 17358 | Orc:2    | Found a staircase to the Elven Halls.
 17584 | Orc:2    | Found a roughly hewn altar of Beogh.
 17678 | Orc:2    | Found a bloodstained altar of Trog.
 17756 | Orc:2    | Noticed a two-headed ogre
 17782 | Orc:2    | Noticed a two-headed ogre
 17782 | Orc:2    | Noticed a two-headed ogre
 17878 | Orc:1    | Noticed Erolcha
 17966 | Orc:2    | Noticed a two-headed ogre
 17966 | Orc:2    | Noticed a two-headed ogre
 18259 | D:7      | Killed Crazy Yiuf
 18386 | D:7      | Noticed Pikel
 18406 | D:7      | Killed Pikel
 18511 | D:7      | Noticed Duvessa
 18521 | D:7      | Killed Duvessa
 18529 | D:7      | Killed Dowan
 19591 | D:7      | Reached skill level 12 in Hexes
 19715 | D:6      | Noticed Skimidon's ghost (novice GrHu)
 19723 | D:6      | Killed Skimidon's ghost
 19869 | Lair:1   | Entered Level 1 of the Lair of Beasts
 19871 | Lair:1   | Noticed Urug
 20043 | Lair:1   | Killed Urug
 20044 | Lair:1   | Reached skill level 10 in Dodging
 20044 | Lair:1   | Reached XP level 13. HP: 65/82 MP: 6/17
 20121 | Lair:1   | Learned a level 5 spell: Yara's Violent Unravelling
 20211 | Lair:1   | Reached skill level 1 in Alchemy
 20229 | Lair:1   | Reached skill level 13 in Hexes
 20257 | Lair:1   | Noticed Okrist
 20273 | Lair:1   | Anointed Okrist the priest as your apostle
 21369 | D:13     | Noticed a centaur warrior
 21378 | D:13     | Killed a centaur warrior
 21390 | D:13     | Reached skill level 14 in Hexes
 21413 | D:13     | Noticed a centaur warrior
 21424 | D:13     | Killed a centaur warrior
 21503 | D:13     | Noticed a centaur warrior
 21511 | D:13     | Killed a centaur warrior
 21619 | D:13     | Your ally Oruk died
 21799 | D:13     | Noticed a centaur warrior
 21810 | D:13     | Killed a centaur warrior
 21873 | D:13     | Noticed a centaur warrior
 21893 | D:13     | Killed a centaur warrior
 21893 | D:13     | Reached ***** piety under Beogh
 21923 | D:13     | Reached skill level 5 in Alchemy
 22111 | D:13     | Noticed a vault guard
 22114 | D:13     | Noticed an ironbound frostheart
 22114 | D:13     | Killed a vault guard
 22116 | D:13     | Noticed a vault guard
 22126 | D:13     | Killed a vault guard
 22131 | D:13     | Your ally Okrist died
 22134 | D:13     | Your ally Norbak died
 22200 | D:13     | an ironbound frostheart changed into a shock serpent
 22672 | Lair:2   | Reached skill level 15 in Hexes
 22788 | Lair:2   | Reached XP level 14. HP: 73/88 MP: 13/18
 22942 | Lair:2   | Found a hole to the Spider Nest.
 23690 | Lair:2   | Found a blossoming altar of Fedhas.
 24068 | Lair:2   | Found a blossoming altar of Fedhas.
 24387 | Lair:2   | Found a hole to the Spider Nest.
 25062 | Lair:3   | Reached skill level 5 in Spellcasting
 25062 | Lair:3   | Reached skill level 16 in Hexes
 25096 | Lair:3   | Found a staircase to the Shoals.
 25346 | Lair:3   | Identified the +1 robe of Yneriuh {Dex+3}
 25590 | D:13     | Found a gate to the Vaults.
 26352 | D:14     | Identified the +1 leather armour of Zevafipp {rC+ MP+9}
 26386 | D:14     | Learned a level 7 spell: Enfeeble
 26959 | D:15     | Entered Level 15 of the Dungeon
 26988 | D:15     | Reached skill level 17 in Hexes
 27016 | D:15     | Your ally Oruk died
 27020 | D:15     | Your ally Okrist died
 27035 | D:15     | Your ally Norbak died
 27051 | D:15     | Was placed under penance by Beogh
 27051 | D:15     | Fled from a divine trial
 27297 | Lair:3   | Noticed Nergalle
 28038 | Lair:3   | Noticed Amaemon
 28068 | Lair:3   | Killed Amaemon
 28069 | Lair:3   | Reached XP level 15. HP: 74/92 MP: 3/24
 28597 | Lair:4   | Found a viscous altar of Jiyva.
 28598 | Lair:4   | Found a staircase to the Slime Pits.
 28662 | Lair:4   | Was forgiven by Beogh
 28684 | Lair:4   | Learned a level 1 spell: Apportation
 29335 | Orc:1    | Killed Erolcha
 29336 | Orc:1    | Reached skill level 5 in Invocations
 30390 | Orc:2    | Found Zoanlod's Magic Scroll Emporium.
 30390 | Orc:2    | Found Pyiraigh's Book Boutique.
 30391 | Orc:2    | Found Nimpigof's Armour Shop.
 30391 | Orc:2    | Found Vunt's Weapon Emporium.
 30488 | Orc:2    | Bought 2 curare-tipped darts for 31 gold pieces
 30490 | Orc:2    | Bought a scroll of brand weapon for 161 gold pieces
 30490 | Orc:2    | Bought a scroll of identify for 34 gold pieces
 30490 | Orc:2    | Bought a scroll of teleportation for 51 gold pieces
 30490 | Orc:2    | Bought a scroll of enchant armour for 127 gold pieces
 30490 | Orc:2    | Bought a scroll of amnesia for 68 gold pieces
 30490 | Orc:2    | Bought a scroll of identify for 34 gold pieces
 30490 | Orc:2    | Bought a scroll of poison for 68 gold pieces
 30541 | Orc:2    | Reached skill level 18 in Hexes
 30598 | Orc:2    | Found Nimpigof's Armour Shop.
 30598 | Orc:2    | Found Vunt's Weapon Emporium.
 30599 | Orc:2    | Found Pyiraigh's Book Boutique.
 30612 | Orc:2    | Found a staircase to the Elven Halls.
 31238 | Orc:2    | Reached skill level 5 in Stealth
 31322 | Orc:2    | Found a bloodstained altar of Trog.
 31380 | Orc:2    | Found a roughly hewn altar of Beogh.
 31756 | Elf:1    | Entered Level 1 of the Elven Halls
 31776 | Elf:1    | Noticed Norris
 32038 | Slime:1  | Entered Level 1 of the Pits of Slime
 32129 | Slime:1  | Noticed an acid blob
 32134 | Slime:1  | Noticed an azure jelly
 32135 | Slime:1  | Noticed a quicksilver ooze
 32136 | Slime:1  | Killed an azure jelly
 32137 | Slime:1  | Killed an acid blob
 32139 | Slime:1  | Killed a quicksilver ooze
 32143 | Slime:1  | Noticed an acid blob
 32145 | Slime:1  | Noticed an azure jelly
 32281 | Shoals:1 | Entered Level 1 of the Shoals
 32621 | Shoals:1 | Noticed a kraken
 32895 | Shoals:1 | Noticed Louise
 33259 | Shoals:1 | Noticed a kraken
 33456 | Shoals:2 | Found a flickering gateway to a bazaar.
 33468 | Bazaar   | Entered a bazaar
 33474 | Bazaar   | Found Bikhunnean's Distillery.
 33493 | Bazaar   | Found Lecseruts's Antique Weapon Emporium.
 33521 | Bazaar   | Found Boucix's Antique Weapon Boutique.
 33532 | Bazaar   | Found Tejyase's Antique Weapon Shoppe.
 33556 | Bazaar   | Bought a potion of might for 48 gold pieces
 33556 | Bazaar   | Bought a potion of heal wounds for 60 gold pieces
 33556 | Bazaar   | Bought a potion of mutation for 96 gold pieces
 33556 | Bazaar   | Bought a potion of haste for 120 gold pieces
 33556 | Bazaar   | Bought a potion of lignification for 36 gold pieces
 33585 | Shoals:2 | Identified the +1 rapier of Conflict {antimagic, rN+ Str+3}
 33825 | D:8      | Reached XP level 16. HP: 65/97 MP: 3/25
 33949 | D:8      | Found a runed translucent gate.
 33949 | D:8      | Found a runed translucent gate.
 33949 | D:8      | Found a runed translucent gate.
 33958 | D:8      | Noticed anet's ghost (novice MDFi)
 33968 | D:8      | Gained mutation: You are partially covered in iridescent
                  | scales. (AC +2) [a neqoxec]
 33976 | D:8      | Gained mutation: Armour fits poorly on your strangely
                  | shaped body. [a neqoxec]
 34294 | D:15     | Your ally Oruk died
 34301 | D:15     | Your ally Okrist died
 34807 | D:15     | Noticed Roxanne
 35062 | D:15     | Found a staircase to the Depths.
 35606 | Lair:3   | Killed Nergalle
 36505 | Lair:4   | You fall into a shaft and drop 1 floor!
 36505 | Lair:5   | Entered Level 5 of the Lair of Beasts
 36602 | Lair:5   | Identified the ring "Kapioxiz" {MP+9 Dex+4}
 36737 | Lair:5   | Identified the +7 halberd of Ashenzari's Grace {pain, rF+
                  | SInv Stlth+}
 36752 | Lair:5   | Anointed Bogbrand the priest as your apostle
 36853 | Lair:5   | Reached ****** piety under Beogh
 36949 | Lair:5   | Identified the +1 scale mail "Vahoacoss" {rF+++ rN++ Regen+
                  | Str-3}
 37394 | Elf:1    | Killed Norris
 37395 | Elf:1    | Reached skill level 10 in Stealth
 37400 | Elf:1    | Learned a level 4 spell: Petrify
 37835 | Elf:1    | Reached skill level 1 in Earth Magic
 37846 | Elf:1    | Noticed Frances
 37851 | Elf:1    | Killed Frances
 37912 | Elf:1    | Noticed Zenata
 37951 | Elf:1    | Your ally Oruk died
 37960 | Elf:1    | Your ally Bogbrand died
 37976 | Elf:1    | Slain by a +0 short sword of flaming

Illustrated notes

Levels and vault maps discovered:
D:1:      minmay_arrival_four_houses, layout_basic, st_stairs_9,
          minmay_box_of_dots
D:2:      layout_loops_corners, hellmonk_ecumenical_altar_inner_sanctum
D:3:      layout_loops_cross, serial_bayou_pond_c, minmay_surrounded
D:4:      corexii_shantytown, layout_basic, overflow_temple_1_default
D:5:      layout_cave_pools, minmay_a_box_with_orc_wizards_in_it
D:6:      layout_loops_cross, temple_statues, ebering_ghost_reflecting_pool,
          enter_ossuary_5
D:7:      layout_loops_corners, enter_bailey_4, uniq_crazy_yiuf_cottage,
          uniq_pikel, uniq_maggie, uniq_duvessa
D:8:      minmay_bubble_buster, layout_basic,
          mainiacjoe_overflow_catch_the_wave,
          ploomutoo_gammafunk_ghost_potion_laboratory
D:9:      minmay_tri_box, layout_small_grid, nicolae_elevator_lobby_asterisk
D:10:     layout_grid_maze, nicolae_trove_entry_diagonal, uniq_joseph,
          uniq_sonja
D:11:     layout_basic, dpeg_oklobed_lair
D:12:     layout_cave_pools, erik_orc_1, nicolae_sif_muna_little_library
D:13:     layout_loops_ring, hellmonk_vaults_keyhole, serial_bayou,
          serial_bayou_shore_a, serial_bayou_crossing, serial_bayou_shore_b,
          serial_bayou_lake_a, fungi_pond_lemuel
D:14:     layout_roguey
D:15:     gammafunk_depths_entry_grave, layout_gridville, minmay_misc_feat_rows,
          uniq_roxanne
Temple:   nicolae_temple_bog_church
Lair:1:   layout_loops_ring, grunt_megastairs_4, uniq_urug
Lair:2:   layout_gridlike, nicolae_spider_entry_tight_spaces, tgw_fedhas,
          grunt_megastairs_5
Lair:3:   layout_roguey, elwin_shoals_entry_rooms, wad_woods_river_01,
          serial_bayou_shore_b, uniq_nergalle, uniq_amaemon
Lair:4:   layout_regular_city, nicolae_slime_entry_slimehenge
Lair:5:   evilmike_catoblepas_cave, layout_regular_city, patterned_corridor,
          grunt_megastairs_3
Shoals:1: layout_shoals, uniq_louise
Shoals:2: layout_shoals, serial_shops, bzr_entry_lakeside
Slime:1:  layout_caves
Orc:1:    layout_caves, uniq_erolcha
Orc:2:    st_orc_ogre_mass, layout_caves, basic_altar, david_defended_altar_orc
Elf:1:    elf_arrival_001, layout_loops_corners, serial_shops,
          nicolae_square_shop, minmay_elf_annihilation,
          dreamdust_mushroom_princess, minmay_shop_star, uniq_zenata,
          uniq_frances, uniq_norris

Skill      XL: |  1  2  3  4  5  6  7  8  9 10 11 12 13 14 15 16 |
---------------+-------------------------------------------------+-----
Fighting       | 1 5 10 11 | 11.0
Short Blades   | 2 5 8 10 12 14 | 14.0
Dodging        | 3 7 10 | 10.0
Ice Magic      | 1 2 3 |  3.0
Hexes          | 4 5 6 9 12 15 17 18 | 18.0
Spellcasting   | 3 6 8 |  8.0
Conjurations   | 2 4 5 |  5.0
Evocations     | 3 5 |  5.0
Invocations    | 2 3 4 8 9 |  9.0
Alchemy        | 5 6 |  6.0
Stealth        | 6 10 | 10.0
Earth Magic    | 2 |  2.5

Action                     |  1- 3 |  4- 6 |  7- 9 | 10-12 | 13-15 | 16-18 || total
---------------------------+-------+-------+-------+-------+-------+-------++-------
  Melee: Dagger            |    85 |   100 |   158 |   367 |   558 |   219 ||  1487
  Throw: Dart              |     7 |     7 |       |     4 |     2 |     2 ||    22
   Cast: Ensorcelled Hiber |     7 |    22 |    38 |    95 |   109 |    40 ||   311
         Confusing Touch   |     1 |     1 |     6 |    23 |    11 |     1 ||    43
         Tukima's Dance    |       |       |    23 |    23 |    73 |     7 ||   126
         Dazzling Flash    |       |       |       |     2 |     2 |       ||     4
         Jinxbite          |       |       |       |     1 |       |       ||     1
         Enfeeble          |       |       |       |       |    19 |    20 ||    39
         Yara's Violent Un |       |       |       |       |     3 |    13 ||    16
 Invoke: Convert to Beogh  |       |       |     1 |       |       |       ||     1
         Recruit Apostle   |       |       |       |     2 |     1 |     1 ||     4
         Smiting           |       |       |       |       |     1 |     4 ||     5
         Recall Apostles   |       |       |       |       |     3 |     4 ||     7
         Dismiss Apostle   |       |       |       |       |     1 |     1 ||     2
  Evoke: Wand              |       |       |     5 |     5 |    33 |     6 ||    49
         Box of beasts     |       |       |       |     1 |     3 |     1 ||     5
    Use: Potion            |     1 |     1 |     1 |     2 |    12 |     6 ||    23
         Scroll            |     2 |     2 |     7 |    12 |    27 |     9 ||    59
   Stab: Sleeping          |    23 |    33 |    47 |    74 |    84 |    25 ||   286
         Invisible         |     2 |     3 |       |     1 |    11 |    12 ||    29
         Confused          |       |     1 |     4 |    14 |     9 |       ||    28
         Distracted        |       |       |     1 |     3 |     8 |     3 ||    15
 Armour: Robe              |    15 |    26 |    35 |       |       |       ||    76
         Steam dragon scal |       |       |    24 |   141 |   281 |   168 ||   614
         Skin              |       |       |       |       |     8 |    13 ||    21
  Dodge: Dodged            |    59 |    67 |    86 |   185 |   331 |   231 ||   959

Table legend: (Time is in decaauts)
 A = Elapsed time spent in this place.
 B = Non-inter-level travel time spent in this place.
 C = Inter-level travel time spent in this place.
 D = Time resting spent in this place.
 E = Time spent auto-exploring this place.
 F = Levels seen in this place.
 G = Mean time per level.
                   A        B        C        D        E       F      G
               +--------+--------+--------+--------+--------+-----+--------+
         Total |  37499 |  32663 |   4836 |   5431 |  22147 |  29 | 1293.1 |
       Dungeon |  23700 |  20485 |   3215 |   2833 |  14550 |  15 | 1580.0 |
        Temple |      1 |      1 |      0 |      0 |      0 |   1 |    1.0 |
          Lair |   7953 |   7079 |    874 |   1394 |   4720 |   5 | 1590.6 |
        Shoals |   1275 |   1157 |    118 |    179 |    872 |   2 |  637.5 |
    Slime Pits |     60 |     60 |      0 |      0 |      2 |   1 |   60.0 |
  Orcish Mines |   3649 |   3029 |    620 |    783 |   1726 |   2 | 1824.5 |
   Elven Halls |    596 |    588 |      8 |    174 |    206 |   1 |  596.0 |
        Bazaar |    103 |    103 |      0 |      0 |     62 |   1 |  103.0 |
        Bailey |    157 |    157 |      0 |     68 |      9 |   1 |  157.0 |
               +--------+--------+--------+--------+--------+-----+--------+

Top non-repeatable levels by time:
     D:7: 3170 daAuts
  Lair:2: 2817 daAuts
   Orc:2: 2708 daAuts
    D:11: 2213 daAuts
  Lair:3: 2008 daAuts
     D:4: 1988 daAuts
     D:1: 1741 daAuts
     D:8: 1732 daAuts
    D:13: 1601 daAuts
     D:9: 1600 daAuts
     D:2: 1565 daAuts
    D:15: 1391 daAuts
  Lair:4: 1266 daAuts
  Lair:1: 1241 daAuts
Shoals:1: 1207 daAuts
